[Event "ICC Open 2015"]
[Site "Internet Chess Club"]
[Date "2015.05.29"]
[Round "9"]
[White "zenit"]
[Black "cap78red"]
[Result "1-0"]
[ICCResult "Black forfeits on time"]
[WhiteElo "2063"]
[BlackElo "1386"]
[Opening "Pirc: Austrian attack, dragon formation"]
[ECO "B09"]
[NIC "PU.05"]
[Time "21:05:38"]
[TimeControl "180+0"]

1. e4 Nf6 2. Nc3 d6 3. d4 g6 4. f4 Bg7 5. Nf3 c5 6. dxc5 Qa5 7. Bd3 Qxc5 8.
Qe2 a6 9. Be3 Qc7 10. O-O O-O 11. Kh1 Nc6 12. a3 Bg4 13. h3 Bxf3 14. Qxf3 e5
15. Nd5 Nxd5 16. exd5 Nd4 17. Bxd4 exd4 18. Rae1 Rae8 19. Re2 Rxe2 20. Qxe2
Qd7 21. Re1 b5 22. Qe4 f5 23. Qe2 Kf7 24. Qe6+ Qxe6 25. Rxe6 Rd8 26. g3 Bf8
27. Kg2 Re8 28. Rxe8 Kxe8 29. a4 bxa4 30. Bxa6 Be7 31. Bb5+ Kd8 32. Bxa4 Kc7
33. Kf3 Kb6 34. Ke2 Kc5 35. Bc6 Bd8 36. Kd3 Ba5 37. c3 dxc3 38. bxc3 h6 39.
h4 Bd8 40. Be8 g5 41. hxg5 hxg5 42. Bg6 Kxd5 43. Bxf5 gxf4 44. gxf4 Bh4 45.
c4+ Kc5 46. Be6 Bf6 47. Ke4 Kc6 48. Kf5 Be7 49. Kg6 d5 50. Bxd5+ Kd6 51. f5
Ke5 52. Be6 Bd8 53. Kf7 Bf6 54. Ke8 Bh4 55. c5 Kd4 56. c6 Bg3 57. Kd7 Ke5
58. c7 Kf6 59. c8=Q Bf4 60. Qf8+ Ke5 61. Qg7+ {Black forfeits on time} 1-0

[Event "ICC Open 2015"]
[Site "Internet Chess Club"]
[Date "2015.05.29"]
[Round "9"]
[White "Lzmann"]
[Black "Spirals"]
[Result "0-1"]
[ICCResult "White forfeits on time"]
[WhiteElo "1799"]
[BlackElo "2109"]
[Opening "QGD: exchange, positional line"]
[ECO "D35"]
[NIC "QO.16"]
[Time "21:05:41"]
[TimeControl "180+0"]

1. d4 d5 2. c4 e6 3. Nc3 Nf6 4. cxd5 exd5 5. Bg5 Be7 6. e3 Nbd7 7. Bd3 h6 8.
Bh4 O-O 9. Nge2 c6 10. Qc2 Re8 11. O-O Ne4 12. Bg3 Nxg3 13. Nxg3 Nf6 14. f3
Bb4 15. Rae1 Qb6 16. a3 Bd6 17. b4 Bxg3 18. hxg3 Be6 19. Qf2 a5 20. Na4 Qc7
21. Nc5 axb4 22. axb4 b6 23. Nxe6 Rxe6 24. e4 dxe4 25. fxe4 Rae8 26. e5 Nd5
27. Qf5 g6 28. Qh3 Kg7 29. Rb1 Qe7 30. Qg4 Qg5 31. Qxg5 hxg5 32. Rb3 Rd8 33.
Bc4 b5 34. Bxd5 Rxd5 35. Rd3 Rexe5 36. dxe5 Rxd3 37. Rc1 Rd4 38. Rxc6 Rxb4
39. Rb6 Rb1+ 40. Kf2 Rb2+ 41. Kf3 b4 42. g4 Kf8 43. Rb7 Ke8 44. g3 b3 45.
Ke3 Rb1 46. Kf2 Kd8 47. Kg2 Kc8 48. Rb4 Kc7 49. Rb5 Kc6 50. Rb8 Kd5 51. Rd8+
Kxe5 52. Rb8 Kd4 53. Rb4+ Kc3 54. Rb7 Rd1 55. Rc7+ Kb2 56. Rxf7 Rd2+ 57. Kf3
Kc1 58. Rc7+ Rc2 59. Rb7 b2 60. Re7 b1=Q 61. Re1+ Kb2 62. Rxb1+ Kxb1 63. Ke4
Rf2 64. Ke5 Rf1 65. Ke6 Kc2 66. Ke7 Kd3 67. Ke6 Rf3 68. Ke5 Ke2 69. Ke6 Kf2
70. Ke7 Kxg3 71. Ke6 Kxg4 {White forfeits on time} 0-1

[Event "ICC Open 2015"]
[Site "Internet Chess Club"]
[Date "2015.05.29"]
[Round "9"]
[White "smyslovVchess"]
[Black "smoothg"]
[Result "0-1"]
[ICCResult "White forfeits on time"]
[WhiteElo "1619"]
[BlackElo "1778"]
[Opening "Robatsch (modern) defense"]
[ECO "B06"]
[NIC "KF.05"]
[Time "21:05:32"]
[TimeControl "180+0"]

1. e4 g6 2. d4 Bg7 3. Be3 c5 4. c3 cxd4 5. cxd4 d5 6. e5 Nc6 7. Nc3 e6 8.
Nf3 Nge7 9. Be2 O-O 10. O-O Nf5 11. Qd2 f6 12. h3 fxe5 13. Bg5 Bf6 14. Bxf6
Qxf6 15. dxe5 Nxe5 16. Nxe5 Qxe5 17. Bf3 Nd4 18. Bd1 Qf6 19. f4 Bd7 20. Ba4
b5 21. Bb3 Bc6 22. Rac1 Nxb3 23. axb3 d4 24. Ne2 e5 25. fxe5 Qe6 26. Nxd4
Qd5 27. Rxc6 Rxf1+ 28. Kxf1 Rd8 29. Rd6 Rxd6 30. exd6 Qxd6 31. Nf3 Qc5 32.
Qd8+ Kg7 33. Qe8 Qc1+ 34. Kf2 Qxb2+ 35. Kg3 Qxb3 36. Qe7+ Kg8 37. Qxa7 b4
38. Qb8+ Kg7 39. Qe5+ Kg8 40. Qe8+ Kg7 41. h4 Qc3 42. Qe7+ Kg8 43. Kg4 b3
44. Ng5 Qc4+ 45. Ne4 b2 46. Qe8+ Kg7 47. Qe5+ Kg8 48. Kg5 Qf7 49. Nf6+ Kf8
50. Qd6+ Kg7 {White forfeits on time} 0-1

[Event "ICC Open 2015"]
[Site "Internet Chess Club"]
[Date "2015.05.29"]
[Round "9"]
[White "EndgamesMaster"]
[Black "truufseir"]
[Result "0-1"]
[ICCResult "White checkmated"]
[WhiteElo "1714"]
[BlackElo "1573"]
[Opening "Ruy Lopez: Schliemann defense"]
[ECO "C63"]
[NIC "RL.06"]
[Time "21:05:59"]
[TimeControl "180+0"]

1. e4 e5 2. Nf3 Nc6 3. Bb5 f5 4. d3 fxe4 5. dxe4 Nf6 6. Bc4 Bc5 7. Ng5 Rf8
8. Nxh7 d5 9. Nxf8 Kxf8 10. Bxd5 Bg4 11. f3 Bh5 12. Bg5 Nd4 13. Bxb7 Rb8 14.
Bd5 Rxb2 15. Bb3 Bb4+ 16. c3 Rxg2 17. cxb4 Bxf3 18. Qc1 Re2+ 19. Kf1 Bxh1
20. Qc4 Bg2+ 21. Kg1 Nf3# {White checkmated} 0-1

[Event "ICC Open 2015"]
[Site "Internet Chess Club"]
[Date "2015.05.29"]
[Round "9"]
[White "BigChesstes"]
[Black "Smays"]
[Result "0-1"]
[ICCResult "White forfeits on time"]
[WhiteElo "1783"]
[BlackElo "1670"]
[Opening "Pirc defense"]
[ECO "B07"]
[NIC "PU.08"]
[Time "21:05:57"]
[TimeControl "180+0"]

1. e4 d6 2. d4 Nf6 3. Bd3 e5 4. d5 c5 5. c4 Be7 6. f3 Nbd7 7. Be3 Nf8 8. Ne2
Ng6 9. O-O O-O 10. Nbc3 h6 11. Qd2 Bd7 12. Ng3 Nh7 13. Nce2 Bg5 14. f4 exf4
15. Nxf4 Ne5 16. Nfh5 Bxe3+ 17. Qxe3 Qe7 18. Rae1 Bg4 19. h3 Bxh5 20. Nxh5
Qh4 21. Ng3 g6 22. Rf4 Qg5 23. Ref1 Rae8 24. b3 h5 25. Bc2 h4 26. Ne2 Kg7
27. Qf2 Re7 28. Rxh4 Qd2 29. Nc1 Qc3 30. Rf4 Ng5 31. h4 Nh7 32. h5 g5 33.
Rf5 f6 34. h6+ Kxh6 35. g3 Kg6 {White forfeits on time} 0-1

[Event "ICC Open 2015"]
[Site "Internet Chess Club"]
[Date "2015.05.29"]
[Round "9"]
[White "TopSpin"]
[Black "noyb"]
[Result "0-1"]
[ICCResult "White checkmated"]
[WhiteElo "1968"]
[BlackElo "1782"]
[Opening "QGD Slav: 4.Nc3"]
[ECO "D15"]
[NIC "SL.03"]
[Time "21:06:04"]
[TimeControl "180+0"]

1. Nf3 d5 2. d4 c6 3. c4 Nf6 4. Nc3 a6 5. Bg5 dxc4 6. a4 Qa5 7. Bxf6 exf6 8.
e4 Bb4 9. Qc2 b5 10. Be2 O-O 11. O-O Bxc3 12. bxc3 Qb6 13. Rfb1 Qc7 14. axb5
cxb5 15. Rxb5 axb5 16. Rxa8 Na6 17. e5 Qb7 18. Rxc8 Rxc8 19. exf6 g6 20. Ne5
Qc7 21. Bf3 Qd6 22. Ng4 Qe6 23. h3 h5 24. Ne5 Qxf6 25. Bd5 Kg7 26. Bxf7 Rf8
27. Qa2 Nc7 28. Qa7 Rxf7 29. Nxf7 Qxf7 30. d5 Nxd5 31. Qd4+ Nf6 32. f3 Qe6
33. g4 Qe1+ 34. Kg2 Qe2+ 35. Kg3 h4+ 36. Kxh4 Qe1+ 37. Kg5 Qe6 38. f4 Qd5+
39. f5 Qxd4 40. cxd4 c3 41. fxg6 c2 42. h4 c1=Q+ 43. Kf5 Nd5 44. h5 Qf4+ 45.
Ke6 Nf6 46. h6+ Qxh6 47. g5 Qxg5 48. d5 Qxd5+ 49. Ke7 Qd7# {White
checkmated} 0-1

[Event "ICC Open 2015"]
[Site "Internet Chess Club"]
[Date "2015.05.29"]
[Round "9"]
[White "Parsifal"]
[Black "HematiteBrown"]
[Result "0-1"]
[ICCResult "White checkmated"]
[WhiteElo "2402"]
[BlackElo "2203"]
[Opening "Sicilian: Sozin with ...a6 and ...b5"]
[ECO "B87"]
[NIC "SI.13"]
[Time "21:06:18"]
[TimeControl "180+0"]

1. e4 c5 2. Nc3 d6 3. Nf3 a6 4. d4 cxd4 5. Nxd4 Nf6 6. Bc4 e6 7. Bb3 b5 8.
O-O Qc7 9. Re1 Be7 10. Qf3 O-O 11. e5 dxe5 12. Nde2 Bb7 13. Qg3 Nbd7 14. Bh6
Nh5 15. Qh3 Ndf6 16. Bg5 h6 17. Bh4 Rad8 18. a3 g5 19. Bg3 Kg7 20. f3 Bc5+
21. Kh1 Nf4 22. Bxf4 exf4 23. Ng1 Rd2 24. Rac1 Bf2 25. Re2 Rfd8 26. Rf1 Be3
27. Rfe1 Qb6 28. g3 Bxg1 29. gxf4 g4 30. Qg3 Bxf3+ 31. Rg2 Rxg2 32. Qxg2
Bxg2+ 33. Kxg2 Be3 34. Re2 Qb7+ 35. Kg3 Qf3+ 36. Kh4 Qh3# {White checkmated}
0-1

[Event "ICC Open 2015"]
[Site "Internet Chess Club"]
[Date "2015.05.29"]
[Round "9"]
[White "Kyekerz"]
[Black "outubro2"]
[Result "0-1"]
[ICCResult "White resigns"]
[WhiteElo "1253"]
[BlackElo "1480"]
[Opening "Sicilian: dragon variation"]
[ECO "B70"]
[NIC "SI.15"]
[Time "21:07:04"]
[TimeControl "180+0"]

1. e4 c5 2. Nf3 d6 3. d4 cxd4 4. Nxd4 Nf6 5. Nc3 g6 6. Bc4 Bg7 7. Bg5 O-O 8.
O-O Nc6 9. Nb3 Ne5 10. Bxf6 Bxf6 11. Be2 Be6 12. Nd4 Bc4 13. f4 Bxe2 14.
Qxe2 Nc6 15. Nxc6 bxc6 16. e5 dxe5 17. Rad1 Qb6+ 18. Kh1 exf4 19. Rxf4 Qxb2
20. Ne4 Bg7 21. Rd7 e5 22. Rfxf7 Rxf7 23. Qc4 Qc1+ {White resigns} 0-1

[Event "ICC Open 2015"]
[Site "Internet Chess Club"]
[Date "2015.05.29"]
[Round "9"]
[White "Dewey"]
[Black "warlord1"]
[Result "0-1"]
[ICCResult "White forfeits on time"]
[WhiteElo "1333"]
[BlackElo "1532"]
[Opening "Queen's Pawn"]
[ECO "A41"]
[NIC "QO.17"]
[Time "21:06:18"]
[TimeControl "180+0"]

1. d4 d6 2. Nc3 c6 3. Nf3 Qc7 4. e4 e5 5. Be3 h6 6. Bd3 g6 7. O-O Bg7 8. h3
Ne7 9. Ne2 O-O 10. Qd2 Kh7 11. c3 Nd7 12. Nh2 h5 13. f4 exf4 14. Bxf4 f6 15.
Rae1 g5 16. Be3 Ng6 17. Nf3 d5 18. exd5 cxd5 19. Bf2 Rf7 20. Ng3 h4 21. Nf5
Bf8 22. Qc2 Bd6 23. N5xh4 gxh4 24. Bxg6+ Kg7 25. Nxh4 Rf8 26. Bh5 Bg3 27.
Qg6+ Kh8 28. Bxg3 Ne5 29. Bxe5 Qg7 30. Bxf6 Rxf6 31. Qxf6 Bd7 32. Qxg7+ Kxg7
33. Rf7+ Kh6 34. Rxd7 Kxh5 35. Rh7+ Kg5 36. Re5+ Kf4 37. Rf7+ Kg3 38. Nf3
Rg8 39. Ref5 Rg6 40. Rg5+ Rxg5 41. Nxg5 Kh4 42. Ne6 Kg3 43. Rf3+ Kh4 44. Nc7
Kh5 45. Nxd5 Kg6 46. Nb4 a6 47. d5 a5 {White forfeits on time} 0-1

[Event "ICC Open 2015"]
[Site "Internet Chess Club"]
[Date "2015.05.29"]
[Round "9"]
[White "ural"]
[Black "dietcoke"]
[Result "0-1"]
[ICCResult "White checkmated"]
[WhiteElo "2462"]
[BlackElo "2197"]
[Opening "Grob's attack"]
[ECO "A00"]
[NIC "VO.11"]
[Time "21:06:10"]
[TimeControl "180+0"]

1. g4 e5 2. d4 exd4 3. Nf3 d5 4. Qxd4 Nc6 5. Qa4 Bc5 6. Nc3 Ne7 7. Bg5 f6 8.
Be3 Bxe3 9. fxe3 Bd7 10. O-O-O Ne5 11. Qf4 N7g6 12. Qg3 c6 13. g5 Qb6 14.
Nd4 O-O-O 15. gxf6 gxf6 16. Bh3 Rhe8 17. Bxd7+ Rxd7 18. b3 Qb4 19. Nb1 c5
20. Nf5 Qe4 21. Rhf1 Qg4 22. c4 dxc4 23. Nd6+ Rxd6 24. Rxd6 Qxe2 25. Nd2 c3
26. Rd1 Nd3+ 27. Kc2 Nb4+ 28. Kxc3 Rxe3+ 29. Qxe3 Qxe3+ 30. Kb2 Qe5+ 31. Ka3
Qxd6 32. Nc4 Qxd1 33. Ka4 a6 34. Ka5 Kc7 35. Nb6 Qa1 36. a4 Qc3 37. Na8+ Kb8
38. Kb6 Nd5# {White checkmated} 0-1

[Event "ICC Open 2015"]
[Site "Internet Chess Club"]
[Date "2015.05.29"]
[Round "9"]
[White "Snooze"]
[Black "airantrobo"]
[Result "1/2-1/2"]
[ICCResult "White ran out of time and Black has no material to mate"]
[WhiteElo "1899"]
[BlackElo "1638"]
[Opening "Sicilian: Kan variation"]
[ECO "B41"]
[NIC "SI.41"]
[Time "21:05:53"]
[TimeControl "180+0"]

1. e4 c5 2. Nf3 e6 3. d4 cxd4 4. Nxd4 a6 5. Be3 Qc7 6. Nc3 Bb4 7. Qd2 Nf6 8.
Bd3 d5 9. exd5 Nxd5 10. Nde2 O-O 11. O-O Nxe3 12. Qxe3 Bd6 13. g3 b5 14. Ne4
Bb7 15. Nxd6 Qxd6 16. Rad1 Qc6 17. f3 Nd7 18. Be4 Qc7 19. Bxb7 Qxb7 20. Rd2
Nf6 21. Rfd1 Nd5 22. Qe4 Rac8 23. c3 Qc7 24. Kg2 Rfe8 25. Nd4 h6 26. h4 Nf6
27. Qe3 Nh5 28. Ne2 Nf6 29. Qf4 Nd5 30. Qxc7 Rxc7 31. Kf2 Rec8 32. Nd4 Kh7
33. Nc2 Nf6 34. Ne3 g6 35. Rd8 Rxd8 36. Rxd8 g5 37. hxg5 hxg5 38. Ke2 Kg6
39. Kd3 Ra7 40. a3 Kg7 41. f4 gxf4 42. gxf4 Rd7+ 43. Rxd7 Nxd7 44. f5 e5 45.
Ke4 f6 46. Nd5 Nb8 47. Nc7 Kf7 48. Kd5 Kg7 49. Ke6 a5 50. Ne8+ Kf8 51. Nxf6
Kg7 52. Kxe5 Kf7 53. Nd5 Na6 54. Kd6 b4 55. cxb4 axb4 56. Kc6 bxa3 57. bxa3
Nb8+ 58. Kc7 Na6+ 59. Kb6 Nb8 60. a4 Nd7+ 61. Kb7 Nc5+ 62. Kc6 Nxa4 63. Kd6
Nb2 64. f6 Nd1 65. Ke5 Nb2 66. Ne7 Na4 67. Nf5 Nb2 68. Nd6+ Kf8 69. Ke6 Nd1
70. f7 Nf2 {White ran out of time and Black has no material to mate} 1/2-1/2

[Event "ICC Open 2015"]
[Site "Internet Chess Club"]
[Date "2015.05.29"]
[Round "9"]
[White "youngjp"]
[Black "TallTower"]
[Result "1-0"]
[ICCResult "Black checkmated"]
[WhiteElo "1984"]
[BlackElo "1764"]
[Opening "Scandinavian defense"]
[ECO "B01"]
[NIC "SD.03"]
[Time "21:06:13"]
[TimeControl "180+0"]

1. e4 d5 2. exd5 Nf6 3. d4 Bg4 4. Be2 Bxe2 5. Nxe2 Qxd5 6. O-O e6 7. Nbc3
Qh5 8. Nf4 Qxd1 9. Rxd1 c6 10. Be3 Bd6 11. h3 O-O 12. g4 Nbd7 13. g5 Nd5 14.
Ncxd5 cxd5 15. c3 b5 16. a3 Rfc8 17. h4 a5 18. Nd3 Nb6 19. f4 Nc4 20. Bc1
Rab8 21. Ne5 Rc7 22. Rf1 Rbc8 23. Rf2 b4 24. axb4 axb4 25. Ra6 bxc3 26. Nxc4
Rxc4 27. Rxd6 cxb2 28. Bxb2 Rb4 29. Kg2 h6 30. gxh6 gxh6 31. Kh2 Rc7 32. f5
exf5 33. Rxd5 Rb3 34. Rd8+ Kh7 35. d5 Rcb7 36. Be5 Re3 37. Bf6 Kg6 38. Bd4
Re4 39. Rg2+ Kh5 40. Bf6 Rbb4 41. Rh8 Rxh4+ 42. Bxh4 Rxh4+ 43. Kg1 Rd4 44.
Rh2+ Kg5 45. R8xh6 Rd1+ 46. Kf2 Rd2+ 47. Ke3 Ra2 48. Rxa2 f4+ 49. Ke4 Kg4
50. Rf2 Kg3 51. Rxf4 Kg2 52. Rhf6 Kg3 53. Rxf7 Kh3 54. Rg7 Kh2 55. Rf6 Kh3
56. Rh6# {Black checkmated} 1-0

[Event "ICC Open 2015"]
[Site "Internet Chess Club"]
[Date "2015.05.29"]
[Round "9"]
[White "asithink"]
[Black "grancaruso"]
[Result "0-1"]
[ICCResult "White resigns"]
[WhiteElo "2068"]
[BlackElo "1875"]
[Opening "English: symmetrical variation"]
[ECO "A33"]
[NIC "EO.32"]
[Time "21:06:22"]
[TimeControl "180+0"]

1. Nf3 Nf6 2. d4 e6 3. c4 c5 4. Nc3 cxd4 5. Nxd4 Nc6 6. g3 Be7 7. Bg2 O-O 8.
O-O a6 9. b3 Qc7 10. Bb2 b6 11. Rc1 Bb7 12. e4 Nxd4 13. Qxd4 Rad8 14. Rfd1
Qc5 15. Qd2 Qh5 16. h3 d6 17. Qe3 Qg6 18. Qxb6 Bxe4 19. Nxe4 Nxe4 20. Qe3 d5
21. Bxe4 dxe4 22. Qa7 Bg5 23. Rxd8 Rxd8 24. Re1 e3 25. Bd4 exf2+ 26. Bxf2 h5
27. Qxa6 Rd2 28. Qa8+ Kh7 29. Qe4 f5 30. Qxe6 Bf6 31. Re2 Rd1+ 32. Kh2 h4
33. Qe3 Bd8 34. Qf3 Bc7 35. Kg2 hxg3 36. Bc5 f4 37. a4 Rd3 38. Qe4 f3+ 39.
Qxf3 Rxf3 40. Kxf3 Qf5+ 41. Kg2 Qxc5 42. Re3 Qc6+ {White resigns} 0-1

[Event "ICC Open 2015"]
[Site "Internet Chess Club"]
[Date "2015.05.29"]
[Round "9"]
[White "seriosha"]
[Black "MichaelBluth"]
[Result "0-1"]
[ICCResult "White checkmated"]
[WhiteElo "2135"]
[BlackElo "2316"]
[Opening "Scandinavian (center counter) defense"]
[ECO "B01"]
[NIC "SD.01"]
[Time "21:05:44"]
[TimeControl "180+0"]

1. e4 d5 2. exd5 Qxd5 3. Nc3 Qa5 4. Bc4 c6 5. d3 Nf6 6. Qe2 Bf5 7. f3 e6 8.
g4 Bg6 9. Bd2 Bb4 10. a3 Nbd7 11. O-O-O Bxc3 12. Bxc3 Qc7 13. h4 h5 14. g5
Nd5 15. Bxd5 cxd5 16. Bxg7 Rg8 17. Bc3 Nc5 18. Bd4 Nb3+ 19. Kb1 Nxd4 20. Qd2
Rc8 21. c3 Nb3 22. Qc2 Nc5 23. Ne2 Qb6 24. f4 Qa6 25. Rh3 Qa4 26. Nd4 Qxc2+
27. Kxc2 Kf8 28. Rf3 Kg7 29. f5 exf5 30. Nxf5+ Bxf5 31. Rxf5 Rgd8 32. d4 Ne6
33. Rf6 Rc4 34. Kb3 a5 35. Rdf1 Rd7 36. a4 Rc6 37. Rh6 Nf8 38. Rxh5 Re7 39.
g6 Nxg6 40. Rxd5 Nxh4 41. Rxa5 Ng6 42. Raf5 Rb6+ 43. Rb5 Rf6 44. Rg1 b6 45.
Rg2 Kf8 46. a5 bxa5 47. Rxa5 Rb6+ 48. Kc4 Nf4 49. Rf2 Ne6 50. Kd3 Reb7 51.
b4 Rc7 52. d5 Rd6 53. c4 Ng5 54. Kd4 Ne6+ 55. Ke5 Rb6 56. Ra8+ Kg7 57. dxe6
Rxe6+ 58. Kd5 Rg6 59. Rf4 Rg5+ 60. Kd4 f5 61. Ra6 Rd7+ 62. Kc3 Rg3+ 63. Kc2
Re7 64. Rf2 Ree3 65. Rc6 Rc3+ 66. Kd2 Ra3 67. b5 Ra2+ 68. Ke1 Rg1+ 69. Rf1
Ra1+ 70. Ke2 Rgxf1 71. b6 Rae1+ 72. Kd3 Rd1+ 73. Kc3 Rc1+ 74. Kb4 Rf4 75.
Kc5 Rfxc4+ 76. Kd6 Rxc6+ 77. Kd7 Rxb6 78. Ke7 f4 79. Ke8 Ra1 80. Ke7 Ra7+
81. Kd8 Rb8# {White checkmated} 0-1

[Event "ICC Open 2015"]
[Site "Internet Chess Club"]
[Date "2015.05.29"]
[Round "9"]
[White "gmgattass"]
[Black "ibarra"]
[Result "1-0"]
[ICCResult "Black resigns"]
[WhiteElo "2299"]
[BlackElo "2733"]
[Opening "King's Indian: fianchetto, lesser Simagin (Spassky) variation"]
[ECO "E60"]
[NIC "QP.06"]
[Time "21:06:43"]
[TimeControl "180+0"]

1. d4 Nf6 2. Nf3 g6 3. c4 d6 4. Nc3 Bf5 5. g3 Ne4 6. Nb1 Nf6 7. Bg2 Bg7 8.
Nc3 Ne4 9. Nb1 Nf6 10. Nc3 O-O 11. O-O Nc6 12. Re1 Ne4 13. Nb1 Nf6 14. Nc3
a6 15. h3 Ne4 16. Nb1 Nf6 17. Nc3 Rb8 18. Kh2 b5 19. cxb5 axb5 20. d5 b4 21.
dxc6 bxc3 22. bxc3 Ne4 23. Nd4 Nxc3 24. Qd2 Ne4 25. Qe3 Nc5 26. Ba3 Bc8 27.
Rab1 Ra8 28. Bxc5 dxc5 29. Nb5 Bf5 30. Rbd1 Qc8 31. Qxc5 Ra5 32. a4 Re8 33.
Qb4 Ra6 34. e4 Be6 35. e5 h5 36. Nd4 Qa8 37. Nxe6 fxe6 38. Qb3 Qc8 39. Rd7
Kh7 40. Qxe6 Rxa4 41. Be4 Rxe4 42. Rxe4 Rf8 43. Kg2 Qa6 44. Rxe7 Qd3 45. Re3
Qd2 46. Rf3 Rxf3 47. Kxf3 Qe1 48. Kg2 Qe4+ 49. Kh2 Qe2 50. Qf7 Qxf2+ 51.
Qxf2 {Black resigns} 1-0

[Event "ICC Open 2015"]
[Site "Internet Chess Club"]
[Date "2015.05.29"]
[Round "9"]
[White "dondoctor"]
[Black "ClockWatcher"]
[Result "1-0"]
[ICCResult "Black checkmated"]
[WhiteElo "2044"]
[BlackElo "1850"]
[Opening "Réti opening"]
[ECO "E61"]
[NIC "KI.76"]
[Time "21:05:56"]
[TimeControl "180+0"]

1. Nf3 d6 2. d4 Nf6 3. c4 g6 4. Nc3 Bg7 5. Bf4 O-O 6. Qd2 c6 7. Bh6 a6 8.
Bxg7 Kxg7 9. e3 b5 10. a3 Nbd7 11. b4 Re8 12. Be2 Bb7 13. c5 d5 14. Ne5 Ng8
15. f4 f6 16. Nf3 e5 17. fxe5 fxe5 18. O-O e4 19. Ne1 Ngf6 20. Nc2 Nf8 21.
a4 Ne6 22. axb5 axb5 23. Rxa8 Bxa8 24. Ra1 Rf8 25. Ra7+ Rf7 26. Rxf7+ Kxf7
27. Qc1 Kg7 28. Qa3 Bb7 29. Qa7 Qd7 30. Na3 Bc8 31. Qb8 Qb7 32. Qxb7+ Bxb7
33. Kf2 Nc7 34. Nc2 Bc8 35. Na2 Kf7 36. h3 Ke7 37. Nc1 h5 38. Nb3 g5 39. Na5
Bd7 40. Nb7 Nce8 41. Na5 Ke6 42. Na3 g4 43. h4 Ke7 44. Kg3 Ng7 45. Kf2 Ne6
46. g3 Ng7 47. Nb7 Nge8 48. Na5 Kd8 49. Nc2 Kc7 50. Nb3 Be6 51. Nd2 Ng7 52.
Nb1 Nf5 53. Nc3 Kd7 54. Na3 Kc7 55. Naxb5+ cxb5 56. Nxb5+ Kc6 57. Nc3 Bd7
58. b5+ Kc7 59. Na4 Ne7 60. Nc3 Ne8 61. Bd1 Nf6 62. Ba4 Nf5 63. b6+ Kb7 64.
Bxd7 Nxd7 65. Nb5 Kc6 66. Nc7 Ne7 67. Ne6 Nc8 68. Ng7 Ncxb6 69. cxb6 Nxb6
70. Nxh5 Nd7 71. Nf4 Kd6 72. h5 Nf6 73. h6 Nh7 74. Nh5 Ng5 75. Nf6 Ke6 76.
h7 Nxh7 77. Nxh7 Kf5 78. Nf8 Kf6 79. Nd7+ Kf7 80. Ne5+ Ke6 81. Nxg4 Kd6 82.
Nh2 Ke6 83. Kg2 Kd6 84. Kh3 Ke6 85. g4 Kd6 86. Kh4 Kc6 87. Kg5 Kb5 88. Kf5
Kc4 89. g5 Kd3 90. Kf4 Ke2 91. g6 Kd3 92. Ng4 Kd2 93. Nf6 Kd3 94. Nxd5 Ke2
95. Nf6 Kd3 96. Nxe4 Kc4 97. Ng5 Kd5 98. g7 Kc4 99. g8=Q+ Kd3 100. Qe6 Ke2
101. d5 Kd3 102. d6 Kd2 103. d7 Ke2 104. d8=Q Ke1 105. Qed5 Ke2 106. Qd2+
Kf1 107. Qa8 Kg1 108. Qa1# {Black checkmated} 1-0

[Event "ICC Open 2015"]
[Site "Internet Chess Club"]
[Date "2015.05.29"]
[Round "9"]
[White "bengalla2001"]
[Black "Schack"]
[Result "0-1"]
[ICCResult "White forfeits on time"]
[WhiteElo "1331"]
[BlackElo "1640"]
[Opening "King's Indian: 3.g3"]
[ECO "E60"]
[NIC "KI.80"]
[Time "21:06:28"]
[TimeControl "180+0"]

1. d4 Nf6 2. c4 g6 3. g3 Bg7 4. Nf3 d5 5. b3 O-O 6. Bb2 c6 7. Bg2 Bf5 8. Nc3
Nbd7 9. O-O Re8 10. Nh4 Be6 11. cxd5 Nxd5 12. e4 Nxc3 13. Bxc3 Nb6 14. Rc1
Bf6 15. Nf3 Bg4 16. h3 Bxf3 17. Bxf3 e5 18. dxe5 Bxe5 19. Bg2 Qxd1 20. Rfxd1
Bxc3 21. Rxc3 Rad8 22. Rcd3 Rxd3 23. Rxd3 Kf8 24. f4 Ke7 25. Kf2 Rd8 26. Ke3
Rxd3+ 27. Kxd3 f6 28. Kd4 Kd6 29. Bf1 Nd7 30. Bc4 c5+ 31. Ke3 a6 32. Bg8 h6
33. Bf7 g5 34. Bg6 b5 35. Kd3 Nb6 36. Bf7 a5 37. Kc3 b4+ 38. Kd3 a4 39. Bg8
axb3 40. axb3 Nd7 41. Bf7 Nf8 42. Bg8 Ne6 43. Bxe6 Kxe6 44. Kc4 Kd6 45. e5+
fxe5 46. fxe5+ Kxe5 47. Kxc5 Ke4 48. Kc4 Kf3 49. Kxb4 Kxg3 50. Ka5 Kxh3 51.
b4 g4 52. b5 g3 53. b6 g2 54. b7 g1=Q 55. b8=Q Qg5+ 56. Kb6 Qf6+ 57. Ka7
Qd4+ 58. Ka6 Qa4+ 59. Kb6 Qb4+ 60. Kc7 Qxb8+ 61. Kxb8 h5 62. Kc7 Kg4 63. Kd6
h4 64. Kd5 h3 65. Kd4 h2 66. Kd3 h1=Q 67. Kc4 Qd1 68. Kc5 Qd3 69. Kc6 Qd4
70. Kb5 Qc3 71. Kb6 Qc4 72. Kb7 Qc5 {White forfeits on time} 0-1

[Event "ICC Open 2015"]
[Site "Internet Chess Club"]
[Date "2015.05.29"]
[Round "9"]
[White "Plantdawg"]
[Black "croder"]
[Result "1-0"]
[ICCResult "Black forfeits on time"]
[WhiteElo "1785"]
[BlackElo "1522"]
[Opening "Réti opening"]
[ECO "A04"]
[NIC "QP.11"]
[Time "21:06:17"]
[TimeControl "180+0"]

1. Nf3 d6 2. c4 e5 3. d3 Nf6 4. h3 Be7 5. g4 h6 6. Bg2 Nc6 7. Nc3 Be6 8. Nh4
Qd7 9. Qa4 Nd4 10. Qxd7+ Kxd7 11. Kd1 g5 12. Nf5 Bxf5 13. gxf5 Nxf5 14. Bxb7
Rab8 15. Bg2 Nh4 16. Be4 c6 17. Rg1 Rhc8 18. b3 Ke6 19. Bb2 d5 20. cxd5+
cxd5 21. Bh1 d4 22. Ne4 Nxe4 23. Bxe4 f5 24. Bh1 a5 25. Rc1 Rxc1+ 26. Kxc1
Rc8+ 27. Kb1 Bb4 28. Bb7 Rc7 29. Ba6 Ng6 30. Bc4+ Kf6 31. e3 dxe3 32. fxe3
Bd2 33. e4 f4 34. d4 Be3 35. dxe5+ Nxe5 36. Rd1 Rc5 37. Rd6+ Ke7 38. Rxh6
Nxc4 39. bxc4 Rxc4 40. Ba3+ Kf7 41. e5 Re4 42. Rf6+ Kg7 43. Bd6 Bd4 44. Rf5
Kg6 45. Rf6+ Kh5 46. Rf8 Re3 47. Rh8+ Kg6 48. Kc2 f3 49. Rf8 Re2+ 50. Kd3
Bb6 51. Rxf3 Rxa2 52. Rf6+ Kh5 53. Rf8 Bf2 54. e6 Bh4 55. e7 g4 56. Rh8+
{Black forfeits on time}
1-0

[Event "ICC Open 2015"]
[Site "Internet Chess Club"]
[Date "2015.05.29"]
[Round "9"]
[White "Supermodel"]
[Black "brizito"]
[Result "1-0"]
[ICCResult "Black forfeits on time"]
[WhiteElo "2226"]
[BlackElo "1654"]
[Opening "QGD Slav: Winawer counter-gambit"]
[ECO "D10"]
[NIC "SL.01"]
[Time "21:06:28"]
[TimeControl "180+0"]

1. d4 d5 2. c4 c6 3. Nc3 e5 4. cxd5 cxd5 5. dxe5 d4 6. Ne4 Qa5+ 7. Bd2 Qxe5
8. Ng3 Nf6 9. Nf3 Qd5 10. Qa4+ Nc6 11. e3 Bd7 12. Bc4 Ne5 13. Bxd5 Bxa4 14.
Bxb7 Nd3+ 15. Kf1 Rb8 16. Ba6 Rxb2 17. Bxd3 dxe3 18. Bxe3 Bb5 19. Bxb5+ Rxb5
20. Nd4 Rb2 21. h3 Nd5 22. Bc1 Rb7 23. Kg1 Bb4 24. Rb1 Rb6 25. Kh2 O-O 26.
Be3 Nxe3 27. fxe3 g6 28. Rhc1 Bd2 29. Rxb6 axb6 30. Rc7 Bxe3 31. Nc6 Re8 32.
Re7 Rxe7 33. Nxe7+ Kf8 34. Nd5 Bd4 35. Ne2 Bc5 36. Nec3 Ke8 37. Ne4 Kd7 38.
Nxc5+ bxc5 39. Kg3 Kc6 40. Nc3 c4 41. Kf3 Kc5 42. Ke3 Kb4 43. Kd4
{Black forfeits on time}
1-0

[Event "ICC Open 2015"]
[Site "Internet Chess Club"]
[Date "2015.05.29"]
[Round "9"]
[White "druskacik"]
[Black "Checharov"]
[Result "1-0"]
[ICCResult "Black checkmated"]
[WhiteElo "2445"]
[BlackElo "2176"]
[Opening "Philidor: exchange variation"]
[ECO "C41"]
[NIC "KP.08"]
[Time "21:06:17"]
[TimeControl "180+0"]

1. e4 e5 2. Nf3 d6 3. d4 exd4 4. Nxd4 Nf6 5. Nc3 Be7 6. Be2 O-O 7. O-O c5 8.
Nf3 Nc6 9. Bg5 Be6 10. Qd2 a6 11. Rad1 Qc7 12. b3 Rad8 13. Bxf6 Bxf6 14. Nd5
Bxd5 15. Qxd5 Nb4 16. Qd2 Nxa2 17. Bc4 Nc3 18. Rde1 b5 19. e5 dxe5 20. Qxc3
bxc4 21. Qxc4 Rfe8 22. Qxa6 e4 23. Qa4 Ra8 24. Rxe4 Reb8 25. Rfe1 h6 26.
Re8+ Kh7 27. Qe4+ g6 28. Rxb8 Rxb8 29. Qd5 Rd8 30. Qc4 Qd6 31. Qxf7+ Bg7 32.
Re7 Qd1+ 33. Ne1 Rg8 34. h4 h5 35. Kf1 Kh8 36. Re8 Rxe8 37. Qxe8+ Kh7 38.
Qe2 Qd4 39. g3 Qd5 40. Qf3 Qe6 41. Qd3 Qh3+ 42. Ke2 Qe6+ 43. Kd1 Bd4 44. Qe2
Qd6 45. Nd3 Bc3 46. Qe4 Qa6 47. Ke2 Qd6 48. g4 hxg4 49. h5 Kh6 50. hxg6 Bd4
51. Qxg4 Qe7+ 52. Kf1 Qb7 53. Nf4 Qh1+ 54. Qg1 Qf3 55. Qh2+ Kg5 56. Qg3+
Qxg3 57. fxg3 Be3 58. Ke2 Bxf4 59. gxf4+ Kxg6 60. Kd3 Kf5 61. Kc4 Kxf4 62.
Kxc5 Ke4 63. b4 Ke3 64. b5 Kd2 65. b6 Kxc2 66. b7 Kd3 67. b8=Q Ke4 68. Qg3
Kf5 69. Kd5 Kf6 70. Qg4 Ke7 71. Qg6 Kd7 72. Qg7+ Ke8 73. Kd6 Kd8 74. Qg8#
{Black checkmated}
1-0